 Dungeon Crawl Stone Soup version 0.28.0-45-g0d030f2227 (console) character file.

Game seed: 2606486704293753844

71 Banquo the Skirmisher (level 4, -7/37 HPs)
             Began as a Djinni Cinder Acolyte on Apr 3, 2022.
             Was a High Priest of Ignis.
             Mangled by Terence
             ... wielding a +0 mace
              (8 damage)
             ... on level 2 of the Dungeon.
             The game lasted 00:03:07 (1729 turns).

Banquo the Skirmisher (Djinni Cinder Acolyte)       Turns: 1729, Time: 00:03:08

Health: -7/37      AC:  2    Str: 13    XL:     4   Next: 47%
Gold:   84         EV: 11    Int: 17    God:    Ignis [*****.] SH:  0 Dex:  9

rFire   + + +      SeeInvis .   f - staff of cold
rCold   . . .      Faith    .   (no shield)
rNeg    . . .      Spirit   .   b - +0 robe
rPois   ∞          Reflect  .   (no helmet)
rElec   .          Harm     .   (no cloak)
rCorr   .          Rampage  .   (no gloves)
Will    .....                   (boots unavailable)
Stlth   +.........              (no amulet)
HPRegen 0.12/turn               (no ring)
MPRegen 0.00/turn               (no ring)

@: flying, very slightly contaminated
A: sickness immunity, fire resistance 2, cold vulnerability 1, float, innate
caster, HP casting, extra vitality 1
a: Renounce Religion, Fiery Armour, Foxfire Swarm, Rising Flame


You were on level 2 of the Dungeon.
You worshipped Ignis.
Ignis was extremely pleased with you.
You visited 1 branch of the dungeon, and saw 2 of its levels.

You collected 84 gold pieces.

Inventory:

Hand Weapons
 a - a -1 short sword of flaming
Missiles
 c - 67 stones
Armour
 b - a +0 robe (worn)
Magical Staves
 f - a staff of cold (weapon)
Scrolls
 d - a scroll of blinking {unknown}
 i - a scroll of identify {unknown}
Potions
 e - a potion of brilliance {unknown}
 g - a potion of might {unknown}
 h - a potion of attraction {unknown}


   Skills:
 * Level 3.7 Fighting
 * Level 3.5 Short Blades
 + Level 2.8 Spellcasting


You had 5 spell levels left.
You knew the following spells:

 Your Spells              Type           Power      Damage    Failure   Level
a - Foxfire               Conj/Fire      48%        2x1d6     5%          1
z - Scorch                Fire           24%        2d6       9%          2
Your spell library was empty.

Dungeon Overview and Level Annotations

Branches:
Dungeon (2/15)

Altars:

Annotations:
D:2 Terence


Innate Abilities, Weirdness & Mutations

You are immune to sickness and miasma.
You are immune to poison.
Your flesh is very heat resistant. (rF++)
You are vulnerable to cold. (rC-)
You float through the air rather than walking.
You learn spells naturally, not from books.
Your magical power is your life essence.
You have superior vitality. (+4 MHP)


Message History

Terence is severely wounded.
Terence's fire resistance burns away.
Terence hits you with a +0 mace.
Unknown command.
Casting: Scorch (safe; 9% risk of failure)
Confirm with . or Enter, or press ? or * to list all spells.
Flames lash Terence.
Terence is burned terribly!
Terence is severely wounded.
Terence hits you with a +0 mace!
Unknown command.
Casting: Scorch (safe; 9% risk of failure)
Confirm with . or Enter, or press ? or * to list all spells.
You miscast Scorch.
Nothing appears to happen.
Terence hits you with a +0 mace.
* * * LOW HITPOINT WARNING * * *
Unknown command.
Casting: Scorch (safe; 9% risk of failure)
Confirm with . or Enter, or press ? or * to list all spells.
Flames lash Terence but do no damage.
* * * LOW HITPOINT WARNING * * *
Terence closely misses you.
Unknown command.
Casting: Scorch (safe; 9% risk of failure)
Confirm with . or Enter, or press ? or * to list all spells.
Flames lash Terence but do no damage.
* * * LOW HITPOINT WARNING * * *
Terence hits you with a +0 mace.
* * * LOW HITPOINT WARNING * * *
Unknown command.
Casting: Scorch (safe; 9% risk of failure)
Confirm with . or Enter, or press ? or * to list all spells.
Flames lash Terence.
Terence is burned terribly!
Terence is almost dead.
* * * LOW HITPOINT WARNING * * *
Terence misses you.
Unknown command.
Casting: Scorch (safe; 9% risk of failure)
Confirm with . or Enter, or press ? or * to list all spells.
You conjure some foxfire!
* * * LOW HITPOINT WARNING * * *
Terence hits you with a +0 mace!
You die...

....##### .#......# .#
.#.####.### .#
...##.....# .# .
#..##.#.#.#######.####.#
...##...#+#.......#....#
#.##.......#.####.......
#..'.......#.####.......
####.......#...v@@>.....
# #.......#####.v......
# #.......# #........ #
#.....(.# #........
####.......# #........
...........# #.#######
###........# #..
....######## ### ###.#


You could see Terence (combustible, ally target).

Vanquished Creatures
  An iguana (D:2)
  3 adders (D:2)
  2 ball pythons (D:1)
  4 endoplasms
  A goblin (D:1)
  A hobgoblin (D:1)
  3 kobolds
  2 bats
  A frilled lizard (D:1)
  2 rats (D:1)
20 creatures vanquished.

Vanquished Creatures (others)
  8 foxfires (D:2)
  A plant (D:2)
9 creatures vanquished.

Grand Total: 29 creatures vanquished

Notes
Turn   | Place    | Note
-------+----------+-------------------------------------------
     0 | D:1      | Banquo the Djinni Cinder Acolyte began the quest for the
                  | Orb.
     0 | D:1      | Reached XP level 1. HP: 20/20 MP: 0/0
   512 | D:1      | Reached XP level 2. HP: 25/25 MP: 0/0
  1117 | D:2      | Found a faded altar of an unknown god.
  1223 | D:2      | Reached XP level 3. HP: 23/30 MP: 0/0
  1223 | D:2      | Learned a level 1 spell: Foxfire
  1495 | D:2      | Reached XP level 4. HP: 32/36 MP: 0/0
  1715 | D:2      | Noticed Terence
  1729 | D:2      | Mangled by Terence

Illustrated notes

Levels and vault maps discovered:
D:1:      denvon_arrival_planthouse, layout_basic,
          chequers_serial_rivers_small_a, roderic_serpentine_path,
          chequers_garden
D:2:      layout_basic, dreamdust_ecumenical_altar_hidden_monk_grotto,
          basic_altar, uniq_natasha, uniq_terence

Skill      XL: |  1  2 |
---------------+-------+-----
Short Blades   | 3 |  3.5
Fighting       | |  3.7
Spellcasting   | |  2.8

Action                   |  1- 3 |  4- 6 || total
-------------------------+-------+-------++-------
Melee: Short sword       |    30 |       ||    30
 Cast: Scorch            |    11 |    10 ||    21
       Foxfire           |       |     5 ||     5
Armor: Robe              |    13 |       ||    13
Dodge: Dodged            |    24 |     2 ||    26
